 Dungeon Crawl Stone Soup version 0.30.1-11-g7821555f0a (webtiles) character file.

Game seed: 13209345955657859408

32 ChrisAssaf the Gusty (level 3, -1/25 HPs)
             Began as a Gnoll Air Elementalist on Jan 6, 2024.
             Slain by an adder (2 damage)
             ... on level 2 of the Dungeon.
             The game lasted 00:03:08 (488 turns).

ChrisAssaf the Gusty (Gnoll Air Elementalist)        Turns: 488, Time: 00:03:09

Health: -1/25      AC:  2    Str:  7    XL:     3   Next: 27%
Magic:  3/9        EV: 13    Int: 16    God:
Gold:   47         SH:  0    Dex: 12    Spells: 6/12 levels left

rFire   . . .        g - +3 hand axe
rCold   . . .        (no shield)
rNeg    + . .        a - +0 robe
rPois   .            (no helmet)
rElec   .            (no cloak)
rCorr   .            (no gloves)
SInv    .            (no boots)
Will    .....        (no amulet)
Stlth   ++           d - ring of positive energy
HPRegen 0.24/turn    f - ring of wizardry
MPRegen 0.11/turn

%: wizardry (x1)
@: lethally poisoned (-1 -> -2)
A: fangs 1, strong nose, distributed training
a: no special abilities


You were on level 2 of the Dungeon.
You visited 1 branch of the dungeon, and saw 2 of its levels.

You collected 47 gold pieces.

Inventory:

Hand Weapons
 e - a +0 dagger
 g - a +3 hand axe (weapon)
Armour
 a - a +0 robe (worn)
Jewellery
 d - a ring of positive energy (left hand)
 f - a ring of wizardry (right hand)
Scrolls
 c - a scroll of identify
Potions
 b - 2 potions of magic


   Skills:
 + Level 0.7 Fighting
 + Level 0.7 Short Blades
 + Level 0.7 Long Blades
 + Level 0.7 Axes
 + Level 0.7 Maces & Flails
 + Level 0.7 Polearms
 + Level 0.7 Staves
 + Level 0.7 Ranged Weapons
 + Level 0.7 Throwing
 + Level 0.7 Armour
 + Level 4.5 Dodging
 + Level 4.1 Stealth
 + Level 0.7 Shields
 + Level 0.7 Unarmed Combat
 + Level 5.0 Spellcasting
 + Level 2.1 Conjurations
 + Level 0.5 Hexes
 + Level 0.5 Summonings
 + Level 0.5 Necromancy
 + Level 0.5 Translocations
 + Level 0.5 Transmutations
 + Level 0.5 Fire Magic
 + Level 0.5 Ice Magic
 + Level 5.4 Air Magic
 + Level 0.5 Earth Magic
 + Level 0.5 Poison Magic
 + Level 0.9 Invocations
 + Level 0.7 Evocations


You had 6 spell levels left.
You knew the following spells:

 Your Spells              Type           Power      Damage    Failure   Level
a - Shock                 Conj/Air       64%        1d7       1%          1
b - Static Discharge      Conj/Air       32%        2-4/arc   1%          2
c - Call Canine Familiar  Summ           5%         N/A       16%         3

Your spell library contained the following spells:

 Spells                   Type           Power      Damage    Failure   Level
 Swiftness                Air            21%        N/A       1%          3
 Airstrike                Air            10%        2d(2-18)  6%          4
 Portal Projectile        Hex/Tloc       10%        N/A       16%         3
 Leda's Liquefaction      Hex/Erth       2%         N/A       43%         4


Dungeon Overview and Level Annotations

Branches:
Dungeon (2/15)

Altars:
Fedhas


Innate Abilities, Weirdness & Mutations

You have very sharp teeth.
Your uncanny sense of smell can sniff out nearby items.
Your experience applies equally to all skills.


Message History

The worm is struck by an arc of lightning.
The worm is heavily wounded.
You are struck by an arc of lightning.
The lightning grounds out.
The worm bites you!
You hit the worm. Your bite misses the worm.
The worm is heavily wounded.
The worm bites you!
* * * LOW HITPOINT WARNING * * *
Casting: Static Discharge (safe; 1% risk of failure)
Press: ? - help, Q - select action, (/) - cycle Dir - look around, f - activate The worm is struck by an arc of lightning.
The worm is heavily wounded.
You are struck by an arc of lightning.
* * * LOW HITPOINT WARNING * * *
The worm is struck by an arc of lightning.
The worm is severely wounded.
The lightning grounds out.
Okay, then.
The adder barely misses you. The adder attacks as you move away!
The adder bites you.
* * * LOW HITPOINT WARNING * * *
You are lethally poisoned!
The adder poisons you!
* * * LOW HITPOINT WARNING * * *
You feel sick. The adder barely misses you.
* * * LOW HITPOINT WARNING * * *
You feel sick.
You see here a +0 dagger.
* * * LOW HITPOINT WARNING * * *
You feel sick.
Casting: Static Discharge (safe; 1% risk of failure)
Press: ? - help, Q - select action, (/) - cycle Dir - look around, f - activate The adder is struck by an arc of lightning.
The adder is heavily wounded.
The worm is struck by an arc of lightning.
The worm is severely wounded.
The lightning grounds out.
* * * LOW HITPOINT WARNING * * *
You feel sick. The adder closely misses you. The adder bites you.
You die...

,,,,,,******..####.#*∆#*,*,,**#..
,**,,,,,,,,*.......##.#*,*,,*##..
,**,,,****,*#.##.....,,,,#,,*#...
,**.....*#.*#.##.#.#*,***#.,*#...
,**#..#.*#.*#.#....#*,***#..##...
,***..#.##.*#......#*,,,,........
,,,,.......####.w.##********##...
****#.......# #.S.# #########....
#.#.###.###.@.###..........##
#####.#.##....>.....<..#.##.#..##
...##.#..................##.#..#.
*#.##.#..#.............#.#.....#.
#.##.#...#.###...###.##.#†.#.##.
#....).....# #...# #.......#....
#...†....### #...# ####......##.
#.###...## #...# #......... #.#
##### #...# ###.......


You could see a worm and an adder.

Vanquished Creatures
  An adder (D:2)
  2 dart slugs (D:2)
  3 ball pythons (D:1)
  3 endoplasms
  2 goblins
  2 quokkas (D:2)
  2 frilled lizards
  2 kobolds
  2 rats
19 creatures vanquished.

Notes
Turn   | Place    | Note
-------+----------+-------------------------------------------
     0 | D:1      | ChrisAssaf the Gnoll Air Elementalist began the quest for
                  | the Orb.
     0 | D:1      | Reached XP level 1. HP: 13/13 MP: 6/6
   129 | D:1      | Reached XP level 2. HP: 19/19 MP: 7/7
   134 | D:1      | Learned a level 2 spell: Static Discharge
   259 | D:2      | Reached skill level 5 in Spellcasting
   259 | D:2      | Reached XP level 3. HP: 19/25 MP: 5/9
   267 | D:2      | Learned a level 3 spell: Call Canine Familiar
   278 | D:2      | Found a blossoming altar of Fedhas.
   487 | D:2      | HP: 1/25 [poisoned by an adder]
   488 | D:2      | Slain by an adder

Illustrated notes

Levels and vault maps discovered:
D:1:      shiori_arrival_oz, layout_basic
D:2:      layout_loops_cross, basic_altar

Skill      XL: |  1  2 |
---------------+-------+-----
Conjurations   | 2 |  2.1
Spellcasting   | 5 |  5.0
Fighting       | |  0.7
Short Blades   | |  0.7
Long Blades    | |  0.7
Axes           | |  0.7
Maces & Flails | |  0.7
Polearms       | |  0.7
Staves         | |  0.7
Ranged Weapons | |  0.7
Throwing       | |  0.7
Armour         | |  0.7
Dodging        | |  4.5
Stealth        | |  4.1
Shields        | |  0.7
Unarmed Combat | |  0.7
Hexes          | |  0.5
Summonings     | |  0.5
Necromancy     | |  0.5
Translocations | |  0.5
Transmutations | |  0.5
Fire Magic     | |  0.5
Ice Magic      | |  0.5
Air Magic      | |  5.4
Earth Magic    | |  0.5
Poison Magic   | |  0.5
Invocations    | |  0.9
Evocations     | |  0.7

Action                     || total
---------------------------++-------
  Melee: Hand axe          ||    20
   Cast: Shock             ||     9
         Static Discharge  ||     8
    Use: Scroll            ||     3
   Stab: Sleeping          ||     2
 Armour: Robe              ||     5
  Dodge: Dodged            ||    29
